 Dungeon Crawl Stone Soup version 0.19-a0-805-g0a78ef0 (webtiles) character file.

1345 Musica the Nimble (level 8, -5/62 HPs)
             Began as a Merfolk Gladiator on June 27, 2016.
             Slain by an orc warrior
             ... wielding a +0 war axe
              (14 damage)
             ... on level 6 of the Dungeon.
             The game lasted 00:13:56 (4372 turns).

Musica the Nimble (Merfolk Gladiator)               Turns: 4372, Time: 00:13:57

Health: -5/62      AC:  6    Str: 14 (15) XL:     8   Next: 62%
Magic:  8/8        EV: 19    Int:  5 (7)  God:
Gold:   335        SH:  0    Dex: 16 (17) Spells: 0 memorised, 7 levels left

rFire  + . .     SeeInvis .     e - +3 scythe (venom)
rCold  . . .     Gourm    +     d - +1 robe {rF+}
rNeg   . . .     Faith    .     (shield currently unavailable)
rPois  .         Spirit   .     c - +0 helmet
rElec  .         Dismiss  .     p - +1 cloak
rCorr  .         Reflect  .     (no gloves)
SustAt .         Harm     .     (no boots)
MR     .....                    J - amulet of the gourmand
Stlth  +.........               (no ring)
                                (no ring)

@: not resistant to hostile enchantments, very unstealthy
A: change form in water, swift swim
a: no special abilities


You were on level 6 of the Dungeon.
You were not hungry.

You visited 1 branch of the dungeon, and saw 6 of its levels.
You also visited: Sewer.

You collected 335 gold pieces.

Inventory:

Hand Weapons
 a - a +0 trident
 e - a +3 scythe of venom (weapon)
 y - a +0 blowgun
Missiles
 s - 8 tomahawks (quivered)
 z - 25 poisoned needles
Armour
 b - a +0 leather armour
 c - a +0 helmet (worn)
 d - a +1 robe of fire resistance (worn)
 p - a +1 cloak (worn)
Jewellery
 J - an amulet of the gourmand (around neck)
Wands
 k - a wand of lightning (13/15)
 t - a wand of random effects (8/48)
Scrolls
 l - 4 scrolls of identify
 m - a scroll of magic mapping
 n - 2 scrolls of remove curse
 o - 3 scrolls of enchant armour
 q - 2 scrolls of noise
 B - 2 scrolls of teleportation
Potions
 i - a potion of resistance
 j - 3 potions of degeneration
 r - 3 potions of curing
 v - a potion of brilliance
 C - 2 potions of invisibility
 D - 2 potions of flight {unknown}
 E - a potion of lignification {unknown}
 F - a potion of agility {unknown}
Comestibles
 f - 4 bread rations
 g - a beef jerky
 h - 4 meat rations
 u - 8 fruits


   Skills:
 + Level 5.2 Fighting
 + Level 9.5 Polearms
 + Level 3.0 Throwing
 + Level 9.6 Dodging


You had 7 spell levels left.
You didn't know any spells.

Dungeon Overview and Level Annotations

Branches:
Dungeon (6/15)
 Temple: D:4-7

Altars:
Ashenzari
Elyvilon
Trog
Xom
Zin
The Shining One


Message History

Unknown command.
You hit the orc priest.
The orc priest is poisoned.
The orc priest is severely wounded.
The orc wizard hits you but does no damage.
The orc warrior misses you.
The orc priest hits you but does no damage.
The orc wizard casts a spell at you. The magic dart hits you!
You kill the orc priest!
You feel your dexterity returning.
The orc wizard mumbles some strange words.
The orc wizard seems to speed up.
You barely miss the orc warrior.
The orc warrior hits you but does no damage.
You hit the orc warrior but do no damage.
The orc warrior is poisoned.
The orc warrior hits you with a war axe!
* * * LOW HITPOINT WARNING * * *
The orc warrior hits you with a war axe!
You die...

..### #.#...## ....#
#......# ..#.########...#
.##........##.#######
.########...........#####
.# ##.#####..).....# .#
#.# #o#).##..# .# #.#
#o#..# # .. #.# #@#...#
.# ... #.#.#.# .. ...
#...... ... ###.....
..... ## ### ## .. .# .


You could see an orc warrior and an orc wizard.

Vanquished Creatures
  Sigmund (D:2)
  Menkaure (D:6)
  An ogre (D:4)
  A centaur (D:6)
  Blork the orc (D:4)
  4 scorpions (D:4)
  2 orc priests
  A giant frog skeleton (D:4)
  A jelly (D:5)
  2 hounds
  Ijyb (D:2)
  Terence (D:2)
  An iguana (D:6)
  3 worker ants
  2 orc wizards
  A hound skeleton (D:5)
  A howler monkey skeleton (D:4)
  7 adders
  A river rat (D:5)
  9 oozes
  An adder skeleton (D:4)
  An adder zombie (D:6)
  7 worms
  2 dart slugs
  4 giant geckos
  2 orcs
  3 ball pythons
  7 giant cockroaches
  6 goblins
  3 hobgoblins
  14 jackals
  2 quokkas
  15 bats
  3 giant newts
  A jackal skeleton (D:4)
  8 kobolds
  12 rats
  2 fungi (D:4)
135 creatures vanquished.

Vanquished Creatures (others)
  2 fungi (D:4)
2 creatures vanquished.

Grand Total: 137 creatures vanquished

Notes
Turn   | Place    | Note
--------------------------------------------------------------
     0 | D:1      | Musica the Merfolk Gladiator began the quest for the Orb.
     0 | D:1      | Reached XP level 1. HP: 16/16 MP: 1/1
   129 | D:1      | Reached XP level 2. HP: 13/23 MP: 2/2
   131 | D:1      | Reached skill level 5 in Polearms
   131 | D:1      | Reached XP level 3. HP: 15/28 MP: 3/3
   171 | D:2      | Noticed Ijyb
   183 | D:2      | Killed Ijyb
   513 | D:1      | Reached XP level 4. HP: 31/34 MP: 4/4
   522 | D:1      | Reached skill level 5 in Dodging
   531 | D:2      | Noticed Sigmund
   982 | D:2      | Noticed Terence
  1001 | D:2      | Killed Terence
  1269 | D:2      | Killed Sigmund
  1269 | D:2      | Reached XP level 5. HP: 17/42 MP: 5/5
  1269 | D:2      | Reached XP level 6. HP: 20/48 MP: 6/6
  1307 | D:2      | Found a glowing golden altar of the Shining One.
  1609 | D:3      | Found a white marble altar of Elyvilon.
  1638 | D:3      | Found a shattered altar of Ashenzari.
  1826 | D:3      | Noticed a moth of wrath
  1829 | D:3      | Found a bloodstained altar of Trog.
  2066 | D:4      | Reached XP level 7. HP: 44/54 MP: 7/7
  2137 | D:5      | Entered Level 5 of the Dungeon
  2169 | D:5      | Found a shimmering altar of Xom.
  2188 | D:5      | Found a glowing drain.
  2234 | Sewer    | Entered a sewer
  2786 | D:4      | Found a glowing silver altar of Zin.
  2788 | D:4      | Noticed Blork the orc
  2800 | D:4      | Killed Blork the orc
  3364 | D:4      | Reached XP level 8. HP: 61/61 MP: 8/8
  3789 | D:5      | Gained mutation: You are agile. (Dex +2) [potion of mutation]
  3789 | D:5      | Gained mutation: Your magical capacity is low. (-10% MP) [potion of mutation]
  3789 | D:5      | Gained mutation: Your magical capacity is very low. (-20% MP) [potion of mutation]
  3790 | D:5      | Gained mutation: Your magical capacity is extremely low. (-30% MP) [potion of mutation]
  3790 | D:5      | Gained mutation: You evolve. [potion of mutation]
  3794 | D:5      | Lost mutation: You are agile. (Dex +2) [potion of cure mutation]
  3794 | D:5      | Lost mutation: Your magical capacity is extremely low. (-30% MP) [potion of cure mutation]
  3794 | D:5      | Lost mutation: Your magical capacity is very low. (-20% MP) [potion of cure mutation]
  3794 | D:5      | Lost mutation: You evolve. [potion of cure mutation]
  3794 | D:5      | Lost mutation: Your magical capacity is low. (-10% MP) [potion of cure mutation]
  4007 | D:6      | Reached skill level 5 in Fighting
  4056 | D:6      | Noticed Menkaure
  4066 | D:6      | Killed Menkaure
  4372 | D:6      | Slain by an orc warrior

Vault maps used:
D:1:      saegor_arrival_simple_a
D:2:      nicolae_overflow_hidden_temple, uniq_terence, uniq_iyjb, uniq_sigmund
D:3:      ashenzari_altar_1, lemuel_crystal_altar, tgw_trog,
          kennysheep_another_room
D:4:      old_forge, zin_academy, uniq_blork_the_orc
D:5:      lemuel_crystal_altar, portal_sewer_entry_c, first_bread
D:6:      st_stairs_9, uniq_menkaure, uniq_grinder
Sewer:    sewer_fruit_machine

Skill      XL: |  1  2  3  4  5  6  7  8 |
---------------+-------------------------+-----
Polearms       | 5 7 8 9 |  9.5
Dodging        | 6 8 9 |  9.6
Fighting       | 3 4 5 |  5.2
Throwing       | 3 |  3.0

Action                   |  1- 3 |  4- 6 |  7- 9 || total
-------------------------+-------+-------+-------++-------
Melee: Trident           |    58 |    85 |       ||   143
       Scythe            |       |    71 |   169 ||   240
       Tailslap          |       |       |     2 ||     2
 Fire: Blowgun           |       |       |    17 ||    17
Throw: Throwing net      |       |     3 |       ||     3
  Use: Scroll            |       |     3 |     9 ||    12
       Potion            |       |     2 |     6 ||     8
 Stab: Sleeping          |     2 |     4 |     6 ||    12
       Held in net/web   |       |     2 |     2 ||     4
  Eat: Chunk             |       |     4 |     7 ||    11
       Pizza             |       |       |     1 ||     1
Armor: Leather armour    |    15 |    13 |       ||    28
       Robe              |       |    28 |    32 ||    60
Dodge: Dodged            |    33 |   112 |   199 ||   344
